 Dungeon Crawl Stone Soup version 0.30.0-29-ga12c61a403 (webtiles) character file.

Game seed: 12723692606308262407

3391 qw the Cleaver (level 10, -15/62 (63) HPs)
             Began as a Gargoyle Fighter on June 3, 2023.
             Was a Believer of Okawaru.
             Demolished by a gnoll sergeant
             ... wielding a +0 spear
              (16 damage)
             ... on level 8 of the Dungeon.
             The game lasted 00:03:32 (6701 turns).

qw the Cleaver (Gargoyle Fighter)                   Turns: 6701, Time: 00:03:33

HP:   -15/62 (63)   AC:  0    Str: 23    XL:     10   Next: 4%
MP:   12/13         EV: 22    Int: 10    God:    Okawaru [**....]
Gold: 536           SH:  0    Dex: 14    Spells: 9/9 levels left

rFire   . . .        q - melded +2 broad axe (flame)
rCold   . . .        c - melded +0 buckler
rNeg    + . .        s - melded +0 chain mail
rPois   inf          l - melded +0 helmet
rElec   .            (cloak currently unavailable)
rCorr   .            m - melded +0 pair of gloves
SInv    .            e - melded +0 pair of boots
Will    .....        i - amulet of faith
Stlth   +++          (ring currently unavailable)
HPRegen 0.30/turn    (ring currently unavailable)
MPRegen 0.13/turn

%: faith
@: bat-form, heroic, flying, lightly drained, very quick
A: fast, flying, no casting, sickness immunity, AC +7, tiny, negative energy
resistance 1, (electricity resistance), torment resistance 1, petrification
resistance
a: Renounce Religion, Heroism


You were on level 8 of the Dungeon.
You worshipped Okawaru.
Okawaru was pleased with you.
You were a bat.
You visited 2 branches of the dungeon, and saw 9 of its levels.

You collected 536 gold pieces.


Innate Abilities, Weirdness & Mutations

You are a bat.
You are tiny and dextrous.
You move quickly.
You are flying.
Your equipment is almost entirely melded.
You are incapable of wielding weapons or throwing items.
You cannot cast spells.
You are immune to sickness and miasma.
((Your stone body is resilient. (AC +7)))
You are immune to poison.
You resist negative energy. (rN+)
((You are resistant to electric shocks. (rElec)))
You are resistant to unholy torment.
You are immune to petrification.


   Skills:
 - Level 7.1(12.1) Fighting
 - Level 10.0(15.0) Axes
 - Level 2.0(7.0) Throwing
 - Level 5.4(10.4) Armour
 + Level 1.0(6.0) Dodging
 - Level 4.3(9.3) Shields
 - Level 4.0 Invocations


You had 9 spell levels left.
You didn't know any spells.
Your spell library was empty.

Inventory:

Hand Weapons
 q - a +2 broad axe of flaming (melded)
Missiles
 g - 5 boomerangs
 p - 2 javelins
 r - a boomerang of dispersal
Armour
 c - a +0 buckler (melded)
 e - a +0 pair of boots (melded)
 l - a +0 helmet (melded)
 m - a +0 pair of gloves (melded)
 n - a +2 ring mail of fire resistance
 s - a +0 chain mail (melded)
Jewellery
 h - an amulet of regeneration
 i - an amulet of faith (around neck)
 j - a ring of ice
Scrolls
 a - 5 scrolls of identify
Potions
 b - a potion of resistance {unknown}
 d - 6 potions of might
 f - a potion of attraction
 k - 7 potions of curing
 o - 2 potions of lignification

Dungeon Overview and Level Annotations

Branches:
Dungeon (8/15)             Temple (1/1) D:6            Lair (0/5) D:8

Altars:
Ashenzari
Cheibriados
Dithmenos
Elyvilon
Fedhas
Gozag
Hepliaklqana
Kikubaaqudgha
Makhleb
Nemelex Xobeh
Okawaru
Qazlal
Ru
Sif Muna
Trog
Uskayaw
Vehumet
Wu Jian
Xom
Yredelemnul
Zin
The Shining One

Portals:
Bailey: D:8

Annotations:
D:3 2 transporters, qw's ghost, weakling GrFi
D:8 Psyche


Message History

Psyche is moderately wounded.
Psyche misses you.
You hit Psyche.
Psyche is heavily wounded.
Psyche closely misses you.
The gnoll sergeant hits you with a +0 spear!
You hit Psyche.
Psyche is heavily wounded.
Psyche gestures wildly while chanting.
A swirling arc of seething chaos appears!
The arc of chaos hits the gnoll sergeant.
The arc of chaos hits you but does no damage.
You resist. The gnoll sergeant misses you.
You hit Psyche.
Psyche is heavily wounded.
Psyche misses you.
The gnoll sergeant hits you with a +0 spear.
Psyche laughs secretively.
Psyche completely misses you.
You barely miss Psyche.
Psyche is heavily wounded.
The gnoll sergeant hits you with a +0 spear.
Psyche mumbles some strange words.
A swirling arc of seething chaos appears!
The arc of chaos hits the orc.
The arc of chaos hits you. You partially resist.
You feel drained.
You hit Psyche.
Psyche is heavily wounded.
Psyche hits you with a +3 dagger of distortion!
Space warps horribly around you!!
The gnoll sergeant hits you with a +0 spear!
The orc barely misses you.
You hit Psyche.
Psyche is severely wounded.
Psyche completely misses you.
You hit Psyche.
Psyche is severely wounded.
The orc completely misses you.
The gnoll sergeant hits you with a +0 spear!
You die...

######.~)>.~..........
##..~)\.~.##.......
#...~...~.##....[..
.##......~~~~~.#........
........................
....####...<............
.......#................
...(.>o)................
....).@b................
......g#........###.....
.......#........# ######
.......#........# ##.
.......#........# #..
.......######.########.#
####### ##.# #..>...
#..# #......
######.#####......


You could see Psyche, a gnoll sergeant and an orc.

Vanquished Creatures
  Maggie (D:7)
  Prince Ribbit (D:8)
  Grum (D:8)
  A steam dragon (D:8)
  3 water moccasins
  2 ice beasts
  2 black bears
  2 wolves (D:8)
  An ogre (D:7)
  A centaur (D:7)
  A phantom (D:5)
  2 kobold brigands
  2 bullfrogs (D:8)
  3 scorpions
  4 wights (D:6)
  3 killer bees (D:7)
  A hound (D:7)
  A jelly (D:7)
  4 orc priests
  Natasha (thrice) (D:3)
  3 iguanas
  An orc wizard (D:4)
  26 gnolls
  2 adders
  A shadow imp (D:4)
  2 white imps
  An ufetubus (D:7)
  A dart slug (D:5)
  27 orcs
  6 ball pythons
  8 endoplasms
  2 giant cockroaches
  9 goblins
  10 hobgoblins
  32 kobolds
  4 quokkas
  3 bats
  10 frilled lizards (D:1)
  4 rats
191 creatures vanquished.

Notes
Turn   | Place    | Note
-------+----------+-------------------------------------------
     0 | D:1      | qw the Gargoyle Fighter began the quest for the Orb.
     0 | D:1      | Reached XP level 1. HP: 14/14 MP: 1/1
     0 | D:1      | 0 ||| qw: Version: 0.2-a-103-g5a998e5
     0 | D:1      | 0 ||| qw: Game counter: 1105
     0 | D:1      | 0 ||| qw: Always use a shield: true
     0 | D:1      | 0 ||| qw: God list: Okawaru
     0 | D:1      | 0 ||| qw: Allow faded altars: false
     0 | D:1      | 0 ||| qw: Do Orc after D:15 true
     0 | D:1      | 0 ||| qw: Do second Lair branch before Depths: true
     0 | D:1      | 0 ||| qw: Lair rune preference: random
     0 | D:1      | 0 ||| qw: Plans: Normal, Zot:1-4, Slime:5, God:TSO, Crypt,
                  | Tomb, Pan, Hells, Abyss, Win
     0 | D:1      | 0 ||| PLANNING D:1-11
   101 | D:1      | Reached skill level 2 in Axes
   212 | D:1      | Reached XP level 2. HP: 19/19 MP: 2/2
   259 | D:1      | 259 ||| Stepping ~*~*~tactically~*~*~ (stealth).
   799 | D:1      | Reached skill level 3 in Axes
   805 | D:1      | Found a faded altar of an unknown god.
   823 | D:1      | 823 ||| UPGRADING to +0 pair of gloves.
   828 | D:1      | 828 ||| UPGRADING to +2 ring mail of fire resistance.
   838 | D:1      | 838 ||| DROPPING +0 scale mail.
   839 | D:1      | 839 ||| READING 2 scrolls labelled ROZUUK ORHYSO.
   840 | D:1      | 840 ||| READING scroll labelled KAF XOMOETZ.
   841 | D:1      | 841 ||| READING scroll labelled GOTADGH BIOVVU.
   845 | D:1      | 845 ||| DRINKING 2 pink potions.
   878 | D:2      | Reached skill level 1 in Throwing
   878 | D:2      | Reached XP level 3. HP: 6/23 MP: 3/3
   992 | D:2      | 992 ||| Stepping ~*~*~tactically~*~*~ (hiding).
  1006 | D:2      | Reached XP level 4. HP: 26/28 MP: 4/4
  1282 | D:2      | Reached skill level 4 in Axes
  1397 | D:2      | Found a blossoming altar of Fedhas.
  1443 | D:2      | 1443 ||| UPGRADING to amulet of faith.
  1448 | D:2      | 1448 ||| DRINKING 2 coppery potions.
  1449 | D:2      | 1449 ||| DRINKING 2 red potions.
  1471 | D:2      | 1471 ||| READING 2 scrolls of identify.
  1471 | D:2      | 1471 ||| IDENTIFYING murky amethyst potion
  1472 | D:2      | 1472 ||| DROPPING potion of invisibility.
  1827 | D:3      | Found a transporter.
  1917 | D:3      | Found a transporter.
  1929 | D:3      | Noticed qw's ghost (weakling GrFi)
  1971 | D:3      | Noticed Natasha
  1972 | D:3      | 1972 ||| Stepping ~*~*~tactically~*~*~ (hiding).
  1973 | D:3      | 1973 ||| Stepping ~*~*~tactically~*~*~ (hiding).
  1974 | D:3      | 1974 ||| Stepping ~*~*~tactically~*~*~ (hiding).
  1975 | D:3      | 1975 ||| Stepping ~*~*~tactically~*~*~ (hiding).
  1984 | D:3      | Killed Natasha
  1985 | D:3      | Reached XP level 5. HP: 32/32 MP: 5/5
  2154 | D:3      | Noticed Natasha
  2156 | D:3      | 2156 ||| FLEEEEING.
  2157 | D:3      | 2157 ||| FLEEEEING.
  2158 | D:3      | 2158 ||| FLEEEEING.
  2159 | D:3      | 2159 ||| FLEEEEING.
  2166 | D:3      | 2166 ||| FLEEEEING.
  2167 | D:3      | 2167 ||| FLEEEEING.
  2168 | D:3      | 2168 ||| FLEEEEING.
  2169 | D:3      | 2169 ||| FLEEEEING.
  2176 | D:3      | Killed Natasha
  2296 | D:3      | 2296 ||| READING scroll labelled LOGHUTS ILUY.
  2297 | D:3      | 2297 ||| READING scroll labelled JUQETE MEWYMIF.
  2398 | D:3      | 2398 ||| READING scroll labelled NUGUIG DIFEN.
  2399 | D:3      | 2399 ||| READING scroll labelled HEOGGI GIUNIM.
  2400 | D:3      | 2400 ||| DRINKING 2 inky potions.
  2401 | D:3      | 2401 ||| READING 4 scrolls of identify.
  2401 | D:3      | 2401 ||| IDENTIFYING white potion
  2402 | D:3      | 2402 ||| READING 3 scrolls of identify.
  2402 | D:3      | 2402 ||| IDENTIFYING bubbling emerald potion
  2403 | D:3      | 2403 ||| READING 2 scrolls of identify.
  2403 | D:3      | 2403 ||| IDENTIFYING silvery potion
  2404 | D:3      | 2404 ||| DROPPING potion of brilliance.
  2405 | D:3      | 2405 ||| DROPPING potion of degeneration.
  2406 | D:3      | 2406 ||| DROPPING potion of flight.
  2431 | D:4      | Found a blossoming altar of Fedhas.
  2476 | D:4      | 2476 ||| Stepping ~*~*~tactically~*~*~ (stealth).
  2667 | D:4      | Reached skill level 5 in Axes
  2667 | D:4      | Reached XP level 6. HP: 35/37 MP: 6/6
  2677 | D:4      | 2677 ||| FLEEEEING.
  2678 | D:4      | 2678 ||| FLEEEEING.
  2679 | D:4      | 2679 ||| FLEEEEING.
  2680 | D:4      | 2680 ||| FLEEEEING.
  2681 | D:4      | 2681 ||| FLEEEEING.
  2682 | D:4      | 2682 ||| FLEEEEING.
  2683 | D:4      | 2683 ||| FLEEEEING.
  2684 | D:4      | 2684 ||| FLEEEEING.
  2685 | D:4      | 2685 ||| FLEEEEING.
  2686 | D:4      | 2686 ||| FLEEEEING.
  2687 | D:4      | 2687 ||| FLEEEEING.
  2688 | D:4      | 2688 ||| FLEEEEING.
  2689 | D:4      | 2689 ||| FLEEEEING.
  2690 | D:4      | 2690 ||| STAIRDANCE
  2695 | D:3      | Noticed Natasha
  2696 | D:3      | 2696 ||| Stepping ~*~*~tactically~*~*~ (stealth).
  2697 | D:3      | 2697 ||| Stepping ~*~*~tactically~*~*~ (stealth).
  2708 | D:3      | Killed Natasha
  2709 | D:3      | Reached skill level 1 in Dodging
  2741 | D:3      | 2741 ||| READING scroll labelled CETHA SAIMOI.
  2775 | D:4      | Noticed a black bear
  2785 | D:4      | Killed a black bear
  2833 | D:4      | 2833 ||| FLEEEEING.
  2834 | D:4      | 2834 ||| FLEEEEING.
  2835 | D:4      | 2835 ||| FLEEEEING.
  2836 | D:4      | 2836 ||| FLEEEEING.
  2837 | D:4      | 2837 ||| FLEEEEING.
  2838 | D:4      | 2838 ||| FLEEEEING.
  2839 | D:4      | 2839 ||| FLEEEEING.
  2902 | D:4      | 2902 ||| Stepping ~*~*~tactically~*~*~ (stealth).
  2923 | D:4      | 2923 ||| FLEEEEING.
  3006 | D:4      | Reached XP level 7. HP: 23/43 MP: 7/7
  3134 | D:4      | Reached skill level 6 in Axes
  3553 | D:4      | 3553 ||| Stepping ~*~*~tactically~*~*~ (stealth).
  3557 | D:4      | 3557 ||| Stepping ~*~*~tactically~*~*~ (hiding).
  3878 | D:4      | 3878 ||| UPGRADING to +0 pair of boots.
  3883 | D:4      | 3883 ||| READING scroll labelled SAORHE GOPP.
  3917 | D:5      | Entered Level 5 of the Dungeon
  3923 | D:5      | 3923 ||| STAIRDANCE
  3987 | D:5      | 3987 ||| STAIRDANCE
  4080 | D:5      | Reached skill level 7 in Axes
  4113 | D:5      | Reached XP level 8. HP: 36/49 MP: 8/8
  4220 | D:5      | 4220 ||| Stepping ~*~*~tactically~*~*~ (stealth).
  4221 | D:5      | 4221 ||| Stepping ~*~*~tactically~*~*~ (stealth).
  4223 | D:5      | 4223 ||| Stepping ~*~*~tactically~*~*~ (stealth).
  4288 | D:5      | HP: 10/49 [orc priest/nerve-wracking pain (3)]
  4289 | D:5      | 4289 ||| DRINKING potion of heal wounds.
  4478 | D:5      | 4478 ||| READING scroll labelled GAASOTY QYGAIXUD.
  4479 | D:5      | 4479 ||| READING scroll labelled EVOXAI WIGE.
  4541 | D:6      | Found a staircase to the Ecumenical Temple.
  4542 | D:6      | 4542 ||| PLANNING TEMPLE
  4548 | Temple   | Entered the Ecumenical Temple
  4550 | Temple   | 4550 ||| PLANNING OKAWARU WORSHIP
  4609 | Temple   | Became a worshipper of Warmaster Okawaru
  4609 | Temple   | 4609 ||| PLANNING D:1-11
  4671 | D:6      | Reached skill level 8 in Axes
  4730 | D:6      | Reached skill level 6 in Fighting
  5099 | D:6      | 5099 ||| READING scroll of enchant weapon.
  5099 | D:6      | 5099 ||| ENCHANTING +1 war axe.
  5156 | D:6      | 5156 ||| Stepping ~*~*~tactically~*~*~ (hiding).
  5158 | D:6      | 5158 ||| Stepping ~*~*~tactically~*~*~ (hiding).
  5192 | D:6      | 5192 ||| Stepping ~*~*~tactically~*~*~ (hiding).
  5205 | D:6      | Reached * piety under Okawaru
  5206 | D:6      | 5206 ||| INVOKING Heroism.
  5482 | D:6      | 5482 ||| UPGRADING to +0 helmet.
  5530 | D:7      | 5530 ||| INVOKING Heroism.
  5552 | D:7      | Noticed Maggie
  5564 | D:7      | Killed Maggie
  5565 | D:7      | Reached skill level 9 in Axes
  5565 | D:7      | Reached XP level 9. HP: 24/55 MP: 9/9
  5671 | D:7      | 5671 ||| SWAPPING to +2 broad axe of flaming.
  5672 | D:7      | 5672 ||| DROPPING +0 flail.
  5673 | D:7      | 5673 ||| DROPPING +2 war axe.
  5681 | D:7      | 5681 ||| Stepping ~*~*~tactically~*~*~ (hiding).
  5682 | D:7      | 5682 ||| Stepping ~*~*~tactically~*~*~ (hiding).
  5691 | D:7      | Reached skill level 1 in Invocations
  5855 | D:7      | 5855 ||| INVOKING Heroism.
  5941 | D:7      | 5941 ||| INVOKING Heroism.
  6124 | D:7      | 6124 ||| Stepping ~*~*~tactically~*~*~ (stealth).
  6126 | D:7      | 6126 ||| Stepping ~*~*~tactically~*~*~ (stealth).
  6131 | D:7      | Reached skill level 3 in Invocations
  6229 | D:7      | Identified the +1 leather armour "Caricimn" {Rampage rN+
                  | Str-2}
  6293 | D:7      | 6293 ||| UPGRADING to +0 chain mail.
  6303 | D:7      | 6303 ||| READING 6 scrolls of identify.
  6303 | D:7      | 6303 ||| IDENTIFYING sedimented green potion
  6304 | D:7      | 6304 ||| DROPPING potion of berserk rage.
  6361 | D:8      | 6361 ||| Stepping ~*~*~tactically~*~*~ (stealth).
  6368 | D:8      | Reached ** piety under Okawaru
  6412 | D:8      | Found a flagged portal.
  6412 | D:8      | Noticed Grum
  6413 | D:8      | 6413 ||| INVOKING Heroism.
  6414 | D:8      | 6414 ||| Stepping ~*~*~tactically~*~*~ (hiding).
  6415 | D:8      | 6415 ||| Stepping ~*~*~tactically~*~*~ (hiding).
  6421 | D:8      | Noticed Prince Ribbit
  6423 | D:8      | Killed Grum
  6440 | D:8      | 6440 ||| INVOKING Heroism.
  6445 | D:8      | HP: 13/57 [Prince Ribbit (11)]
  6447 | D:8      | Killed Prince Ribbit
  6448 | D:8      | Reached skill level 10 in Axes
  6448 | D:8      | Reached XP level 10. HP: 15/63 MP: 11/13
  6453 | D:8      | 6453 ||| INVOKING Heroism.
  6643 | D:8      | Found a staircase to the Lair.
  6684 | D:8      | Noticed Psyche
  6685 | D:8      | 6685 ||| INVOKING Heroism.
  6699 | D:8      | HP: 11/62 [Psyche/+3 dagger of distortion (18)]
  6699 | D:8      | HP: 1/62 [gnoll sergeant/+0 spear (10)]
  6701 | D:8      | Demolished by a gnoll sergeant

Levels and vault maps discovered:
D:1:      dpeg_arrival_round_c, layout_basic,
          hellmonk_ecumenical_altar_lost_god, minmay_lizard_pond
D:2:      layout_basic, basic_altar, st_stairs_14, grunt_decor_fettered,
          nicolae_concentric_dashed_squares_wild, minmay_between
D:3:      layout_basic, gammafunk_ghost_gnarly_gnolls, grunt_decor_mini_mirrors,
          hex_large, uniq_natasha
D:4:      minmay_goblin_kobold_castle, layout_rooms, amcnicky_altar_gilded
D:5:      layout_gridville
D:6:      layout_gridville, minmay_temple_entry_mini_moons
D:7:      layout_rooms, nicolae_nh_ransacked_shop, uniq_maggie
D:8:      layout_rooms, lair_entry_dummy, enter_bailey_5, uniq_psyche,
          uniq_grum, uniq_prince_ribbit1
Temple:   grunt_wide_crystal_templ

Skill      XL: |  1  2  3  4  5  6  7  8  9 |
---------------+----------------------------+-----
Axes           | 2 3 4 5 7 9 10 | 10.0
Throwing       | 1 2 |  2.0
Dodging        | 1 |  1.0
Fighting       | 4 5 6 7 |  7.1
Invocations    | 4 |  4.0
Shields        | 4 |  4.3
Armour         | 5 |  5.4

Action                     |  1- 3 |  4- 6 |  7- 9 | 10-12 || total
---------------------------+-------+-------+-------+-------++-------
  Melee: War axe           |    73 |   157 |   203 |       ||   433
         Broad axe         |       |       |    82 |     7 ||    89
         Unarmed           |       |       |       |    11 ||    11
  Throw: Javelin           |     3 |    32 |    35 |     1 ||    71
         Boomerang         |       |     2 |     4 |       ||     6
 Invoke: Heroism           |       |       |     6 |     2 ||     8
    Use: Scroll            |     3 |     9 |     5 |       ||    17
         Potion            |     1 |     3 |     1 |       ||     5
 Armour: Scale mail        |    21 |       |       |       ||    21
         Ring mail         |    20 |    94 |   161 |       ||   275
         Chain mail        |       |       |    49 |    10 ||    59
  Dodge: Dodged            |    46 |    85 |   181 |    22 ||   334
  Block: Buckler           |    17 |    20 |    82 |     7 ||   126

Table legend:
 A = Non-vault XP
 B = Vault XP
 C = Vault XP percentage of total XP
 D = Non-vault monster count
 E = Vault monster count
 F = Vault count percentage of total count
                 A         B        C        D         E       F
            +---------+---------+-------+---------+---------+-------
      Total |    3211 |    1634 |  33.7 |     120 |      71 |  37.2
            +---------+---------+-------+---------+---------+-------
        D:1 |      23 |       7 |  23.3 |      14 |       7 |  33.3
        D:2 |      66 |      36 |  35.3 |       9 |       7 |  43.8
        D:3 |     100 |      35 |  25.9 |      17 |       1 |   5.6
        D:4 |     333 |     369 |  52.6 |      22 |      43 |  66.2
        D:5 |     585 |       0 |   0.0 |      21 |       0 |   0.0
        D:6 |     609 |       0 |   0.0 |       8 |       0 |   0.0
        D:7 |     920 |     470 |  33.8 |      20 |       5 |  20.0
        D:8 |     575 |     717 |  55.5 |       9 |       8 |  47.1
            +---------+---------+-------+---------+---------+-------
